 Dungeon Crawl Stone Soup version 0.29-a0-8-g0446c0dae4 (webtiles) character file.

Game seed: 9118306112215676102

1224 gruber the Destroyer (level 8, -1/57 HPs)
             Began as a Purple Draconian Conjurer on Jan 27, 2022.
             Killed from afar by Maggie (12 damage)
             ... with a bolt of fire
             ... on level 7 of the Dungeon.
             The game lasted 00:06:57 (7120 turns).

gruber the Destroyer (Purple Draconian Conjurer)    Turns: 7120, Time: 00:06:58

Health: -1/57      AC:  7    Str:  9    XL:     8   Next: 23%
Magic:  1/18       EV: 16    Int: 22    God:
Gold:   250        SH:  0    Dex:  9    Spells: 11/21 levels left

rFire   . . .      SeeInvis .   f - +0 short sword (drain)
rCold   . . .      Faith    .   (no shield)
rNeg    . . .      Spirit   .   (armour unavailable)
rPois   .          Reflect  .   (helmet restricted)
rElec   .          Harm     .   e - +0 cloak
rCorr   .          Rampage  .   (no gloves)
Will    +....                   (no boots)
Stlth   ++........              (no amulet)
HPRegen 0.19/turn               k - +4 ring of evasion
MPRegen 0.16/turn               t - ring of wizardry

@: mesmerised
A: breathe power, AC +6, unfitting armour, cold-blooded
a: Breathe Dispelling Energy


You were on level 7 of the Dungeon.
You visited 2 branches of the dungeon, and saw 8 of its levels.

You collected 250 gold pieces.

Inventory:

Hand Weapons
 a - a +0 short sword
 f - a +0 short sword of draining (weapon)
Armour
 e - a +0 cloak (worn)
Jewellery
 k - a +4 ring of evasion (left hand)
 l - a ring of ice
 q - a ring of protection from fire
 t - a ring of wizardry (right hand)
Wands
 n - a wand of mindburst (13)
 x - a wand of paralysis (6)
Scrolls
 d - 3 scrolls of identify {unknown}
 i - 3 scrolls of immolation {unknown}
 j - 2 scrolls of fog {unknown}
 m - a scroll of teleportation {unknown}
 p - a scroll of brand weapon {unknown}
 r - a scroll of amnesia {unknown}
 s - a scroll of enchant armour {unknown}
 v - a scroll of fear {unknown}
 y - a scroll of vulnerability {unknown}
Potions
 b - 6 potions of curing {unknown}
 c - 2 potions of attraction {unknown}
 g - 3 potions of heal wounds {unknown}
 h - 2 potions of berserk rage {unknown}
 o - 4 potions of mutation {unknown}
 u - 3 potions of lignification {unknown}
 w - a potion of haste {unknown}


   Skills:
 * Level 3.6 Dodging
 - Level 1.7 Stealth
 - Level 7.1 Spellcasting
 - Level 8.0 Conjurations


You had 11 spell levels left.
You knew the following spells:

 Your Spells              Type           Power      Damage    Failure   Level
a - Magic Dart            Conj           100%       1d8       1%          1
b - Searing Ray           Conj           86%        2d7       1%          2
c - Dazzling Flash        Conj/Hex       50%        N/A       1%          3
d - Fulminant Prism       Conj/Hex       12%        3d9       6%          4

Your spell library contained the following spells:

 Spells                   Type           Power      Damage    Failure   Level
 Iskenderun's Mystic Bla  Conj/Tloc      25%        2d7       6%          4
 Frozen Ramparts          Ice            14%        1d3       10%         3
 Gell's Gravitas          Tloc           7%         N/A       10%         3
 Ozocubu's Armour         Ice            7%         N/A       10%         3
 Teleport Other           Tloc           7%         N/A       10%         3
 Tukima's Dance           Hex            7%         N/A       10%         3
 Anguish                  Hex/Necr       3%         N/A       32%         4
 Ice Form                 Ice/Tmut       7%         N/A       32%         4
 Summon Ice Beast         Ice/Summ       7%         N/A       32%         4
 Dispersal                Tloc           3%         N/A       99%         6
 Enfeeble                 Hex            3%         N/A       100%        7
 Ozocubu's Refrigeration  Ice            3%         4d5       100%        7


Dungeon Overview and Level Annotations

Branches:
Dungeon (7/15)             Temple (1/1) D:4

Altars:
Dithmenos
Elyvilon
Fedhas
Gozag
Hepliaklqana
Kikubaaqudgha
Makhleb
Nemelex Xobeh
Okawaru
Trog
Uskayaw
Yredelemnul
Zin
The Shining One

Annotations:
D:7 Maggie


Innate Abilities, Weirdness & Mutations

You can breathe bolts of dispelling energy.
Your rich purple scales are hard. (AC +6)
You cannot fit into any form of body armour.
You are cold-blooded and may be slowed by cold attacks.


Message History

Aim: Maggie, wielding a +3 morningstar of holy wrath and wearing +0 acid dragon scales (moderately wounded, 82% to hit)
The searing ray hits Maggie!
Maggie is heavily wounded. (Press . to maintain the ray.) Maggie gestures wildly while chanting.
Maggie attempts to bespell you! You resist with almost no effort.
The searing ray hits Maggie.
Maggie is heavily wounded.
Maggie hits you with a +3 morningstar of holy wrath!
* * * LOW HITPOINT WARNING * * *
The searing ray hits Maggie!
Maggie is severely wounded.
Maggie mumbles some strange words.
Maggie attempts to bespell you!
You are mesmerised by Maggie!
The searing ray hits Maggie but does no damage.
Maggie is severely wounded.
You finish channelling your searing ray.
Maggie barely misses you.
Unknown command.
Unknown command.
Casting: Searing Ray (safe; 1% risk of failure)
Confirm with . or Enter, or press ? or * to list all spells.
Aiming: Searing Ray (safe; 1% risk of failure)
Press: ? - help, Shift-Dir - straight line, f/p - Maggie
Aim: Maggie, wielding a +3 morningstar of holy wrath and wearing +0 acid dragon scales (severely wounded, mesmerising, 82% to hit)
The searing ray misses Maggie. (Press . to maintain the ray.) Maggie casts a spell at you.
The bolt of fire misses you.
Unknown command.
The searing ray hits Maggie!
Maggie is severely wounded.
Maggie casts a spell.
Maggie draws you further into her thrall.
The searing ray hits Maggie!
Maggie is almost dead.
Maggie gestures at you while chanting. The bolt of fire hits you!
You die...

# . #. . .###.
...# ..# ####
#.# ...
#.#####.#
#@#####..<....#
#.@.....#######
#########


You could see Maggie (mesmerising).

Vanquished Creatures
  Eustachio (D:6)
  A water moccasin (D:6)
  A black bear (D:5)
  An ogre (D:5)
  A wyvern zombie (D:5)
  A scorpion (D:5)
  A water moccasin skeleton (D:5)
  5 wights (D:6)
  A hound (D:5)
  A jelly (D:6)
  Crazy Yiuf (D:4)
  2 centaur skeletons (D:5)
  2 orc priests (D:6)
  4 iguanas
  5 adders
  An adder skeleton (D:4)
  A worm (D:2)
  2 dart slugs
  6 orcs (D:6)
  7 ball pythons
  6 endoplasms
  2 giant cockroaches (D:1)
  2 goblins
  4 hobgoblins
  4 kobolds
  3 quokkas
  5 bats
  11 frilled lizards
  3 rats
85 creatures vanquished.

Vanquished Creatures (others)
  9 plants
9 creatures vanquished.

Grand Total: 94 creatures vanquished

Notes
Turn   | Place    | Note
-------+----------+-------------------------------------------
     0 | D:1      | gruber the Draconian Conjurer began the quest for the Orb.
     0 | D:1      | Reached XP level 1. HP: 14/14 MP: 3/3
   244 | D:1      | Reached XP level 2. HP: 18/20 MP: 3/5
   297 | D:1      | You fall into a shaft and drop 1 floor!
   550 | D:2      | Found a faded altar of an unknown god.
   714 | D:2      | HP: 1/20 [worm (10)]
  1111 | D:1      | Reached skill level 5 in Conjurations
  1171 | D:1      | Reached XP level 3. HP: 21/26 MP: 6/6
  2004 | D:3      | Found a white marble altar of Elyvilon.
  2154 | D:3      | Reached XP level 4. HP: 33/33 MP: 2/7
  2409 | D:3      | Found a hide-covered altar of Uskayaw.
  2961 | D:4      | Found a bloodstained altar of Trog.
  3117 | D:4      | Learned a level 2 spell: Searing Ray
  3510 | D:4      | Found a staircase to the Ecumenical Temple.
  3529 | Temple   | Entered the Ecumenical Temple
  3747 | D:4      | Reached skill level 6 in Conjurations
  3956 | D:4      | Found a runed translucent door.
  3957 | D:4      | Noticed Crazy Yiuf
  3964 | D:4      | Killed Crazy Yiuf
  3965 | D:4      | Reached XP level 5. HP: 23/38 MP: 2/8
  4133 | D:5      | Entered Level 5 of the Dungeon
  4567 | D:5      | Reached skill level 7 in Conjurations
  4642 | D:5      | Reached XP level 6. HP: 43/45 MP: 3/9
  4769 | D:5      | Reached skill level 8 in Conjurations
  5164 | D:5      | Your scales start taking on a rich purple colour.
  5164 | D:5      | Reached XP level 7. HP: 44/50 MP: 8/13
  5429 | D:5      | Identified the +5 ring mail of the Butcher {rPois rC++}
  5621 | D:6      | Reached skill level 5 in Spellcasting
  5794 | D:6      | Noticed Eustachio
  5802 | D:6      | Killed Eustachio
  6133 | D:6      | Found a burning altar of Makhleb.
  6136 | D:6      | Found a glowing silver altar of Zin.
  6136 | D:6      | Noticed an angel
  6137 | D:6      | Noticed a blizzard demon
  6195 | D:6      | Reached XP level 8. HP: 57/57 MP: 10/18
  6199 | D:6      | Learned a level 3 spell: Dazzling Flash
  6204 | D:6      | Learned a level 4 spell: Fulminant Prism
  7105 | D:7      | Noticed Maggie
  7120 | D:7      | Killed from afar by Maggie

Illustrated notes

Levels and vault maps discovered:
D:1:      eino_arrival_cavern_a, layout_rooms, item_on_display_b
D:2:      layout_basic, nicolae_ecumenical_snake_handling
D:3:      layout_loops_ring, nicolae_overflow_hidden_temple,
          mainiacjoe_overflow_alcove_2, old_standard_altar, minmay_lizard_king
D:4:      layout_loops_corners, mainiacjoe_overflow_paths, temple_green,
          uniq_crazy_yiuf_cottage
D:5:      layout_loops_corners, serial_bayou_pond_a, kennysheep_generic_room_15
D:6:      layout_loops_cross, grunt_temple_overflow_order_and_chaos_2,
          grunt_decor_resistance, uniq_eustachio
D:7:      layout_loops_ring, overflow_temple_1_default,
          nicolae_qazlal_eye_of_the_storm, roderic_lattice_a, uniq_maggie
Temple:   kb_temple_of_zot

Skill      XL: |  1  2  3  4  5  6  7  8 |
---------------+-------------------------+-----
Conjurations   | 5 6 7 8 |  8.0
Spellcasting   | 4 7 |  7.1
Dodging        | 3 |  3.6
Stealth        | |  1.7

Action                   |  1- 3 |  4- 6 |  7- 9 || total
-------------------------+-------+-------+-------++-------
Melee: Unarmed           |    14 |       |       ||    14
       Short sword       |    51 |    43 |     2 ||    96
       Tailslap          |     7 |     7 |       ||    14
       Punch             |       |     1 |       ||     1
 Cast: Magic Dart        |    46 |    28 |    21 ||    95
       Searing Ray       |       |    12 |    21 ||    33
 Stab: Sleeping          |     1 |       |       ||     1
Armor: Skin              |    36 |    14 |     5 ||    55
Dodge: Dodged            |    51 |    49 |    26 ||   126

Table legend: (Time is in decaauts)
 A = Elapsed time spent in this place.
 B = Non-inter-level travel time spent in this place.
 C = Inter-level travel time spent in this place.
 D = Time resting spent in this place.
 E = Time spent auto-exploring this place.
 F = Levels seen in this place.
 G = Mean time per level.
                   A        B        C        D        E       F      G
               +--------+--------+--------+--------+--------+-----+--------+
         Total |   7128 |   6841 |    287 |      0 |   6016 |   8 |  891.0 |
       Dungeon |   7009 |   6732 |    277 |      0 |   5912 |   7 | 1001.3 |
        Temple |    118 |    109 |      9 |      0 |    104 |   1 |  118.0 |
               +--------+--------+--------+--------+--------+-----+--------+

Top non-repeatable levels by time:
     D:5: 1523 daAuts
     D:6: 1441 daAuts
     D:3: 1119 daAuts
     D:1: 1059 daAuts
     D:4: 1046 daAuts
     D:2: 796 daAuts
  Temple: 118 daAuts
     D:7: 22 daAuts
